 Dungeon Crawl Stone Soup version 0.30.0-16-gbe6223bb7e (webtiles) character file.

Game seed: 18344120143986971367

20351 ebarrett the Carver (level 12, 0/103 HPs)
             Began as a Barachi Berserker on May 21, 2023.
             Was an Elder of Trog.
             Succumbed to a killer bee's poison
             ... on level 4 of the Lair of Beasts.
             The game lasted 00:46:43 (12085 turns).

ebarrett the Carver (Barachi Berserker)            Turns: 12085, Time: 00:46:44

Health: 0/103      AC: 20    Str: 19    XL:     12   Next: 78%
Magic:  12/12      EV: 11    Int:  9    God:    Trog [****..]
Gold:   638        SH:  0    Dex: 15    Spells: 11/11 levels left

rFire   + . .        a - +1 scimitar (heavy)
rCold   + . .        (no shield)
rNeg    . . .        C - +0 chain mail {rF+}
rPois   +            O - +0 helmet
rElec   .            E - +1 cloak
rCorr   .            r - +2 pair of gloves
SInv    .            (no boots)
Will    ++...        g - amulet of regeneration Stlth
                     h - ring of protection from cold
HPRegen 2.17/turn    z - ring of poison resistance
MPRegen 0.13/turn

%: no passive effects
@: lethally poisoned (0 -> -3), strong-willed, on berserk cooldown,
regenerating, slowed, very slow
A: amphibious, slowness 1, strong legs 1, +LOS
a: Hop, Renounce Religion, Berserk, Trog's Hand, Brothers in Arms


You were on level 4 of the Lair of Beasts.
You worshipped Trog.
Trog was greatly pleased with you.
You visited 2 branches of the dungeon, and saw 14 of its levels.
You also visited: Sewer.

You collected 837 gold pieces.
You spent 199 gold pieces at shops.

Inventory:

Hand Weapons
 a - a +1 heavy scimitar (weapon)
 b - a +7 falchion
 Q - a +0 great sword
Missiles
 e - 33 poisoned darts
 j - 12 boomerangs (quivered)
 q - 3 throwing nets
Armour
 r - a +2 pair of gloves (worn)
 C - a +0 chain mail of fire resistance (worn)
 E - a +1 cloak (worn)
 J - a +0 plate armour
 O - a +0 helmet (worn)
Jewellery
 g - an amulet of regeneration (around neck)
 h - a ring of protection from cold (left hand)
 w - a ring of flight
 x - a ring of ice
 y - a ring of protection from cold
 z - a ring of poison resistance (right hand)
 G - a +6 ring of intelligence
 L - a ring of see invisible
 P - an amulet of faith
Wands
 m - a wand of light (6)
 o - a wand of iceblast (17)
 s - a wand of digging (3)
 B - a wand of flame (61)
 I - a wand of charming (8)
 M - a wand of mindburst (8)
Scrolls
 d - 8 scrolls of teleportation
 f - 3 scrolls of poison
 k - 6 scrolls of blinking
 n - 3 scrolls of magic mapping
 D - a scroll of fog
 F - 2 scrolls of immolation
 K - a scroll of fear
Potions
 c - a potion of attraction
 i - 2 potions of haste
 l - 6 potions of curing
 p - 2 potions of resistance
 t - a potion of magic {unknown}
 u - 3 potions of mutation
 v - 3 potions of heal wounds
 A - a potion of degeneration {unknown}
 H - a potion of flight {unknown}
 N - 4 potions of ambrosia


   Skills:
 + Level 12.6 Fighting
 - Level 14.0 Long Blades
 * Level 6.2 Throwing
 + Level 13.4 Armour
 * Level 5.7 Dodging
 - Level 4.5 Evocations


You had 11 spell levels left.
You didn't know any spells.
Your spell library was empty.

Dungeon Overview and Level Annotations

Branches:
Dungeon (10/15)            Temple (0/1) D:4            Lair (4/5) D:10
 Shoals (0/4) Lair:2        Snake (0/4) Lair:3        Sewer (visited)
  Slime: Lair:4-5       Orc: D:9-12

Altars:
Ashenzari
Elyvilon
Fedhas
Gozag
Kikubaaqudgha
Nemelex Xobeh
Okawaru
Ru
Sif Muna
Uskayaw
Xom

Shops:
D:7 *   D:8 (   D:9 [


Innate Abilities, Weirdness & Mutations

You are amphibious.
You cover ground slowly.
You can hop short distances.
You have an extended range of vision and can be seen from far away.


Message History

The meliai stings you but does no damage.
The killer bee rages.
The queen bee stings you.
* * * LOW HITPOINT WARNING * * *
A meliai comes into view. It is wielding a +0 war axe.
The meliai misses you. The meliai stings you!
* * * LOW HITPOINT WARNING * * *
You hear an angry buzzing noise. x2
You are too berserk!
Unknown command.
You miss the meliai.
The meliai is almost dead.
You feel very sick. The meliai barely misses you.
The meliai closely misses you.
A killer bee comes into view.
The queen bee closely misses you. The meliai closely misses you.
The meliai barely misses you.
You slash the meliai!
You feel the power of Trog in you as your rage grows.
You kill the meliai!
Trog accepts your kill.
You feel sick.
The killer bee rages.
The killer bee stings you!
* * * LOW HITPOINT WARNING * * *
You are more poisoned.
The killer bee poisons you! The queen bee barely misses you.
You hear an angry buzzing noise. x2
* * * LOW HITPOINT WARNING * * *
You feel very sick. The killer bee closely misses you.
You hear an angry buzzing noise. x3
The killer bee attacks as you move away!
The killer bee stings you.
* * * LOW HITPOINT WARNING * * *
You feel a strong urge to attack something.
You are no longer berserk.
You are exhausted.
You feel yourself slow down.
You die...

## ## #.## # ###.##.#.#
#. ### #.........
##.#####.# ..........
#......y.# #.........
#.....y..### ##........#
#.......yyy###..........
P........#yy.@'........#
.........###.##........#
.........# ####........#
#..$...... #....#...##
##.####### ##.......## #
#.#.#.#.P..#
#........).#
##<...<....P#
#.†.........#


You could see a queen bee and 5 killer bees.

Vanquished Creatures
  2 hydras
  A two-headed ogre (D:9)
  A glowing orange brain (shapeshifter) (D:9)
  Pikel (D:6)
  2 ugly things (D:9)
  A salamander (Lair:3)
  Joseph (D:7)
  2 elephants (Lair:4)
  5 cane toads
  4 komodo dragons
  3 rime drakes
  A kobold demonologist (D:9)
  A troll (D:10)
  A meliai (Lair:4)
  A polar bear (Lair:3)
  Prince Ribbit (D:6)
  A hornet (D:7)
  11 blink frogs
  14 yaks
  A wyvern (Lair:3)
  A steam dragon (D:10)
  2 basilisks (Lair:1)
  A water moccasin (Lair:3)
  An acid dragon (D:10)
  4 orc warriors
  A sky beast (D:7)
  A black bear (D:6)
  An ogre (D:5)
  3 wolves (D:10)
  6 centaurs
  2 lemures (D:5)
  4 kobold brigands
  9 bullfrogs
  A gnoll sergeant (D:9)
  3 scorpions
  8 wights
  15 killer bees
  4 howler monkeys
  3 electric eels
  3 lava snakes (Lair:3)
  5 hounds
  6 orc priests
  2 jellies (D:5)
  2 sleepcaps
  2 iguanas (D:6)
  9 orc wizards
  8 adders
  15 gnolls
  2 river rats (D:4)
  2 shadow imps (D:5)
  3 white imps
  An ufetubus (D:5)
  2 worms
  5 dart slugs
  30 orcs
  9 bats
  11 endoplasms
  15 giant cockroaches
  16 goblins
  9 hobgoblins
  23 kobolds
  17 quokkas
  12 ball pythons
  7 frilled lizards
  10 rats
351 creatures vanquished.

Vanquished Creatures (collateral kills)
  2 elephants (Lair:4)
  2 blink frogs (Lair:1)
  A water moccasin (Lair:4)
5 creatures vanquished.

Vanquished Creatures (others)
  An adder (D:3)
  A dart slug (D:3)
  A kobold (D:3)
3 creatures vanquished.

Grand Total: 359 creatures vanquished

Notes
Turn   | Place    | Note
-------+----------+-------------------------------------------
     0 | D:1      | ebarrett the Barachi Berserker began the quest for the Orb.
     0 | D:1      | Reached XP level 1. HP: 18/18 MP: 1/1
   139 | D:1      | Reached skill level 4 in Long Blades
   139 | D:1      | Reached XP level 2. HP: 25/25 MP: 2/2
   346 | D:1      | You fall into a shaft and drop 1 floor!
   599 | D:2      | Reached XP level 3. HP: 31/31 MP: 3/3
   681 | D:1      | Found a faded altar of an unknown god.
   712 | D:1      | Reached ** piety under Trog
  1105 | D:2      | Reached skill level 5 in Long Blades
  1105 | D:2      | Reached XP level 4. HP: 38/38 MP: 4/4
  1926 | D:3      | Found a shimmering altar of Xom.
  1988 | D:3      | Reached skill level 5 in Fighting
  2040 | D:3      | Reached XP level 5. HP: 43/44 MP: 5/5
  2293 | D:3      | Reached *** piety under Trog
  2349 | D:3      | Reached skill level 6 in Long Blades
  2804 | D:4      | Found a staircase to the Ecumenical Temple.
  2842 | D:4      | Reached XP level 6. HP: 51/51 MP: 6/6
  2883 | D:4      | Found a glowing drain.
  2930 | Sewer    | Entered a sewer
  3079 | Sewer    | Reached **** piety under Trog
  3087 | Sewer    | Reached skill level 7 in Long Blades
  3501 | D:4      | Found a hide-covered altar of Uskayaw.
  3623 | D:4      | Reached XP level 7. HP: 57/57 MP: 7/7
  3868 | D:5      | Entered Level 5 of the Dungeon
  3992 | D:5      | Reached skill level 8 in Long Blades
  4235 | D:5      | Noticed a yak
  4262 | D:5      | Killed a yak
  4315 | D:5      | Reached skill level 9 in Long Blades
  4590 | D:5      | Reached XP level 8. HP: 54/65 MP: 8/8
  4700 | D:5      | Found a blossoming altar of Fedhas.
  4704 | D:5      | Found an ancient bone altar of Kikubaaqudgha.
  4727 | D:5      | Found a sparkling altar of Nemelex Xobeh.
  4968 | D:6      | Found a shimmering blue altar of Sif Muna.
  4968 | D:6      | Found an opulent altar of Gozag.
  4968 | D:6      | Found a broken altar of Ashenzari.
  4968 | D:6      | Found an iron altar of Okawaru.
  4971 | D:6      | Noticed Pikel
  5258 | D:6      | Killed Pikel
  5291 | D:6      | Reached XP level 9. HP: 71/72 MP: 9/9
  5345 | D:6      | Noticed Prince Ribbit
  5351 | D:6      | Reached skill level 10 in Long Blades
  5392 | D:6      | Killed Prince Ribbit
  5668 | D:6      | Found a sacrificial altar of Ru.
  6242 | D:7      | Noticed a hornet
  6254 | D:7      | Killed a hornet
  6631 | D:7      | Reached skill level 1 in Evocations
  6670 | D:7      | Noticed Joseph
  6689 | D:7      | Killed Joseph
  6818 | D:7      | Found Yzxyn's General Store.
  6822 | D:7      | Found Exkuaple's Specific Store.
  6827 | D:7      | Bought a scroll of fog for 60 gold pieces
  6831 | D:7      | Bought a +0 cloak for 67 gold pieces
  6855 | D:7      | Reached XP level 10. HP: 82/82 MP: 10/10
  7219 | D:8      | Reached skill level 11 in Long Blades
  7385 | D:8      | Found Xerylob's Weapon Boutique.
  7936 | D:9      | Reached skill level 10 in Armour
  8078 | D:9      | Noticed a two-headed ogre
  8087 | D:9      | Killed a two-headed ogre
  8088 | D:9      | Reached skill level 10 in Fighting
  8170 | D:9      | Noticed a white ugly thing
  8189 | D:9      | Noticed a red ugly thing
  8199 | D:9      | Killed a white ugly thing
  8200 | D:9      | Reached skill level 12 in Long Blades
  8204 | D:9      | Killed a red ugly thing
  8325 | D:9      | Found Ahogh's Armour Shop.
  8330 | D:9      | Bought a +0 helmet for 72 gold pieces
  8411 | D:9      | Reached XP level 11. HP: 81/92 MP: 11/11
  8413 | D:9      | a snapping turtle changed into a glowing orange brain
  8413 | D:9      | Noticed a glowing orange brain (shapeshifter)
  8425 | D:9      | Killed a glowing orange brain
  8426 | D:9      | Reached skill level 13 in Long Blades
  8474 | D:9      | Noticed a sixfirhy
  8730 | D:10     | Entered Level 10 of the Dungeon
  8910 | D:10     | Found a white marble altar of Elyvilon.
  9151 | D:10     | Found a staircase to the Lair.
  9389 | Lair:1   | Entered Level 1 of the Lair of Beasts
  9399 | Lair:1   | Reached skill level 14 in Long Blades
  9610 | Lair:1   | Noticed a four-headed hydra
  9617 | Lair:1   | Killed a four-headed hydra
  9687 | Lair:1   | Reached skill level 1 in Throwing
 10186 | Lair:2   | Found a broken altar of Ashenzari.
 10363 | Lair:2   | Reached XP level 12. HP: 94/102 MP: 12/12
 10523 | Lair:2   | Noticed a five-headed hydra
 10529 | Lair:2   | Killed a five-headed hydra
 10647 | Lair:2   | Found a staircase to the Shoals.
 11314 | Lair:3   | Reached skill level 5 in Dodging
 11393 | Lair:3   | Found a staircase to the Snake Pit.
 11409 | Lair:3   | Reached skill level 5 in Throwing
 11655 | Lair:3   | Reached ***** piety under Trog
 11947 | Lair:4   | Noticed a boulder beetle
 12083 | Lair:4   | HP: 7/154 [killer bee (8)]
 12085 | Lair:4   | HP: 3/154 [killer bee (2)]
 12085 | Lair:4   | Succumbed to a killer bee's poison

Illustrated notes

Levels and vault maps discovered:
D:1:      nagdon_arrival_zigzag_paths, layout_rooms,
          hellmonk_ecumenical_altar_pennies_from_heaven
D:2:      layout_basic
D:3:      layout_loops_ring, xom_confusion_cloud, minmay_goblin_outpost
D:4:      layout_cave_pools, mainiacjoe_overflow_brackets,
          minmay_temple_entry_arrows, gup_sewer_entry_bubbles
D:5:      minmay_evil_eye, layout_loops_ring,
          grunt_temple_overflow_growth_and_decay, nemelex_dance_club_becter,
          minmay_chambers_of_fives
D:6:      layout_loops_ring, kennysheep_little_box,
          chequers_temple_overflow_statue_of_worship, uniq_pikel,
          uniq_prince_ribbit1, uniq_crazy_yiuf_cottage
D:7:      layout_loops_ring, nicolae_specific_store, uniq_joseph
D:8:      layout_loops_cross, serial_shops, nicolae_shop_bloodbath_and_beyond
D:9:      minmay_curly_fans, layout_rooms, serial_shops,
          nicolae_shop_rolling_square
D:10:     layout_cave_pools, mainiacjoe_overflow_alcove_1, erik_lair_island,
          chequers_serial_rivers_micro_c
Lair:1:   layout_cave_shapes
Lair:2:   layout_cave_pods, minmay_shoals_entry_centaurs, basic_altar
Lair:3:   layout_hall_layers, nicolae_snake_entry_warm_welcome, minmay_holes,
          serial_bayou_pond_e
Lair:4:   layout_roguey, special_room [special_room_bee], grunt_megastairs_2,
          serial_bayou_shore_a

Skill      XL: |  1  2  3  4  5  6  7  8  9 10 11 12 |
---------------+-------------------------------------+-----
Long Blades    | 4 5 6 7 9 10 12 14 | 14.0
Fighting       | 4 5 6 7 8 10 11 12 | 12.6
Armour         | 8 9 10 12 13 | 13.4
Evocations     | 3 4 |  4.5
Dodging        | 4 5 |  5.7
Throwing       | 2 6 |  6.2

Action                     |  1- 3 |  4- 6 |  7- 9 | 10-12 || total
---------------------------+-------+-------+-------+-------++-------
  Melee: Falchion          |    71 |   429 |   196 |   191 ||   887
         Punch             |     1 |     4 |     8 |    10 ||    23
         Long sword        |       |       |   110 |       ||   110
         Scimitar          |       |       |    83 |   317 ||   400
  Throw: Dart              |     2 |       |     9 |       ||    11
         Boomerang         |     2 |    14 |    26 |    84 ||   126
 Invoke: Berserk           |     1 |     3 |    13 |     9 ||    26
         Trog's Hand       |       |       |     2 |     2 ||     4
         Brothers in Arms  |       |       |       |     2 ||     2
  Evoke: Wand              |       |       |       |    14 ||    14
    Use: Scroll            |       |     4 |     3 |    15 ||    22
         Potion            |       |       |       |     1 ||     1
 Armour: Animal skin       |     3 |       |       |       ||     3
         Ring mail         |    13 |    52 |       |       ||    65
         Scale mail        |       |   132 |    38 |       ||   170
         Chain mail        |       |       |   178 |   154 ||   332
         Plate armour      |       |       |       |   232 ||   232
  Dodge: Dodged            |    46 |   209 |   153 |   261 ||   669
